 Dungeon Crawl Stone Soup version 0.24.0-123-gd5b16e6ec5 (webtiles) character file.

Game seed: 10495545930762847637, levelgen mode: deterministic

126 Martska the Chiller (level 5, -1/38 HPs)
             Began as a Merfolk Ice Elementalist on Feb 5, 2020.
             Killed by divine providence
             ... invoked by an orc priest
              (12 damage)
             ... on level 2 of the Dungeon.
             The game lasted 00:06:18 (2487 turns).

Martska the Chiller (Merfolk Ice Elementalist)      Turns: 2487, Time: 00:06:18

Health: -1/38      AC:  3    Str:  8    XL:     5   Next: 10%
Magic:  0/9        EV: 14    Int: 14    God:
Gold:   119        SH:  0    Dex: 16    Spells: 8/9 levels left

rFire    . . .     SeeInvis .   e - +0 dagger
rCold    . . .     Gourm    .   (no shield)
rNeg     . . .     Faith    .   d - +0 leather armour
rPois    .         Spirit   .   (no helmet)
rElec    .         Reflect  .   (no cloak)
rCorr    .         Harm     .   (no gloves)
MR       .....                  (no boots)
Stlth    ++........             (no amulet)
HPRegen  0.12/turn              (no ring)
MPRegen  0.11/turn              (no ring)

@: very slightly contaminated
A: change form in water, swift swim, stealthy swim
a: no special abilities


You were on level 2 of the Dungeon.
You were not hungry.

You visited 1 branch of the dungeon, and saw 2 of its levels.

You collected 119 gold pieces.

Inventory:

Hand Weapons
 e - a +0 dagger (weapon)
Armour
 a - a +0 robe
 d - a +0 leather armour (worn)
 i - a +0 leather armour
Scrolls
 b - 3 scrolls of identify {unknown}
 f - 2 scrolls of teleportation {unknown}
 h - a scroll of remove curse {unknown}
 j - a scroll of amnesia {unknown}
 k - 2 scrolls of magic mapping {unknown}
 l - a scroll of enchant armour {unknown}
Potions
 g - a potion of brilliance {unknown}
 m - a potion of curing {unknown}
Comestibles
 c - 6 rations


   Skills:
 + Level 2.2 Fighting
 + Level 4.1 Dodging
 - Level 2.1 Stealth
 + Level 2.9 Spellcasting
   Level 0.7 Conjurations
 + Level 4.1 Ice Magic


You had 8 spell levels left.
You knew the following spells:

 Your Spells              Type           Power        Failure   Level  Hunger
a - Freeze                Ice            ##..         6%          1    #......

Your spell library contained the following spells:

 Spells                   Type           Power        Failure   Level  Hunger
 Throw Frost              Conj/Ice       #.....       17%         2    ##.....
 Ozocubu's Armour         Chrm/Ice       #.......     38%         3    ###....
 Throw Icicle             Conj/Ice       #.......     75%         4    #####..
 Summon Ice Beast         Ice/Summ       #.......     80%         4    #####..


Dungeon Overview and Level Annotations

Branches:
Dungeon (2/15)

Altars:


Message History

The orc priest is severely wounded.
The orc priest hits you.
You hit the orc priest.
The orc priest is severely wounded.
The orc priest mumbles some strange prayers to Beogh against you.
Pain shoots through your body!
You completely miss the orc priest.
The orc priest is severely wounded.
The orc priest mumbles some strange prayers to Beogh against you.
Pain shoots through your body!
* * * LOW HITPOINT WARNING * * *
Casting: Freeze (safe; 6% risk of failure)
Confirm with . or Enter, or press ? or * to list all spells.
Aiming: Freeze (safe; 6% risk of failure)
Press: ? - help, Shift-Dir - straight line, f/p - orc priest
Aim: an orc priest, wearing a +0 leather armour (severely wounded)
You miscast Freeze.
A chill runs through your body.
The orc priest calls down the wrath of Beogh upon you.
Beogh smites you!
You die...

...........>#
........#.#.##
........#....
........#...
###.....#..
###(....#.#
.......)#<#.#
######...
#######)).†.#
#.o....# #
#.#.######@######
#####
#.#.......!.....#
'..†#
#.#.##.###.####.#
###.# #.#..#.# #.#
# #.# #.#..#.###.#
###'###.#......#.#
......+......#.#.#
###'###......#.#.#
# #.# #....#.#.#.#


You could see an orc priest.

Vanquished Creatures
  A hound (D:2)
  3 adders (D:2)
  An ooze (D:1)
  2 dart slugs (D:1)
  2 worms (D:2)
  4 leopard geckos
  2 orcs (D:2)
  3 bats
  3 goblins (D:2)
  9 hobgoblins
  4 jackals (D:2)
  4 frilled lizards (D:1)
  8 kobolds
  11 rats
57 creatures vanquished.

Notes
Turn   | Place    | Note
-------+----------+-------------------------------------------
     0 | D:1      | Martska the Merfolk Ice Elementalist began the quest for
                  | the Orb.
     0 | D:1      | Reached XP level 1. HP: 13/13 MP: 3/3
   182 | D:1      | Reached XP level 2. HP: 16/20 MP: 0/5
   787 | D:1      | Reached skill level 1 in Fighting
   871 | D:1      | Reached XP level 3. HP: 12/26 MP: 1/6
  1735 | D:2      | Reached XP level 4. HP: 16/33 MP: 4/8
  2458 | D:2      | Reached XP level 5. HP: 35/38 MP: 3/9
  2487 | D:2      | Killed from afar by an orc priest

Levels and vault maps discovered:
D:1:      mrwooster_arrival_statue, layout_rooms, minmay_fountain_box,
          nrook_uturn
D:2:      layout_basic, first_ration, serial_curves, eino_curves_03,
          eino_curves_01, minmay_door_square

Skill      XL: |  1  2  3  4 |
---------------+-------------+-----
Dodging        | 3 4 |  4.1
Fighting       | 1 2 |  2.2
Ice Magic      | 4 |  4.1
Stealth        | |  2.1
Spellcasting   | |  2.9
Conjurations   | |  0.7

Action                   |  1- 3 |  4- 6 || total
-------------------------+-------+-------++-------
Melee: Unarmed           |     4 |       ||     4
       Dagger            |    57 |    52 ||   109
 Cast: Freeze            |    47 |    40 ||    87
 Stab: Sleeping          |       |     3 ||     3
  Eat: Chunk             |     1 |     2 ||     3
       Ration            |     1 |       ||     1
Armor: Leather armour    |    20 |    12 ||    32
Dodge: Dodged            |    75 |    56 ||   131
